 Dungeon Crawl Stone Soup version 0.19-a0-1365-gb34f4cb (webtiles) character file.

2759 shnurlf the Cleaver (level 9, -9/85 HPs)
             Began as a Hill Orc Fighter on Sept 3, 2016.
             Was a Priest of Makhleb.
             Killed from afar by braks's ghost (27 damage)
             ... with a bolt of negative energy
             ... on level 7 of the Dungeon.
             The game lasted 00:13:16 (6348 turns).

shnurlf the Cleaver (Hill Orc Fighter)              Turns: 6348, Time: 00:13:17

Health: -9/85      AC: 11    Str: 24    XL:     9   Next: 69%
Magic:  12/12      EV:  7    Int:  8    God:    Makhleb [***...]
Gold:   346        SH:  9    Dex: 13    Spells: 0 memorised, 8 levels left

rFire  . . .     SeeInvis .     a - +1 war axe
rCold  + . .     Gourm    .     b - +0 scale mail
rNeg   . . .     Faith    .     c - +0 shield
rPois  .         Spirit   .     k - +1 helmet
rElec  .         Dismiss  .     l - +2 cloak
rCorr  .         Reflect  .     (no gloves)
MR     .....     Harm     .     (no boots)
Stlth  ..........               d - amulet of regeneration
                                i - ring of protection from cold
                                o - ring of flight

@: mighty, very heavily drained
A: no striking features
a: Minor Destruction, Lesser Servant of Makhleb, Renounce Religion, Evoke Flight


You were on level 7 of the Dungeon.
You worshipped Makhleb.
Makhleb was most pleased with you.
You were not hungry.

You visited 1 branch of the dungeon, and saw 7 of its levels.

You collected 346 gold pieces.

Inventory:

Hand Weapons
 a - a +1 war axe (weapon)
 y - the +2 mace "Ukaoghui" {holy, +Blink}
   (You found it on level 5 of the Dungeon)

   It has been blessed by the Shining One to cause great damage to the undead
   and demons.
   It lets you blink.
Armour
 b - a +0 scale mail (worn)
 c - a +0 shield (worn)
 k - a +1 helmet (worn)
 l - a +2 cloak (worn)
 p - a +0 plate armour
 z - a +0 large shield
Jewellery
 d - an amulet of regeneration (around neck)
 i - a ring of protection from cold (right hand)
 o - a ring of flight (left hand)
Scrolls
 e - a scroll of remove curse
 j - a scroll of fear
 m - a scroll of enchant armour
 q - 4 scrolls of enchant weapon
 A - 4 scrolls of identify
 G - a scroll of recharging
Potions
 g - a potion of invisibility {unknown}
 r - a potion of magic {unknown}
 t - 3 potions of curing
 w - a potion of flight {unknown}
 C - 2 potions of cancellation {unknown}
 E - a potion of resistance {unknown}
Comestibles
 f - 8 bread rations
 h - 8 meat rations
 s - 4 fruits
 u - 3 beef jerkies
 v - 4 slices of pizza
 x - 16 chunks of flesh


   Skills:
 * Level 9.8(5.3) Fighting
 * Level 9.8(5.3) Axes
 + Level 6.8(2.6) Armour
 - Level 5.5(1.5) Shields
 + Level 4.1(0.3) Invocations


You had 8 spell levels left.
You didn't know any spells.

Dungeon Overview and Level Annotations

Branches:
Dungeon (7/15)             Temple (0/1) D:5

Altars:
Ashenzari
Dithmenos
Fedhas
Hepliaklqana
Makhleb
Nemelex Xobeh
Xom
Zin

Annotations:
D:7 braks's ghost, novice DrAK


Message History

You feel better.
Braks's ghost breathes negative energy at you.
The bolt of negative energy misses you.
You slash braks's ghost!
Braks's ghost is moderately damaged.
Braks's ghost hits you.
You closely miss braks's ghost.
Braks's ghost is moderately damaged.
You block braks's ghost's attack.
You miss braks's ghost.
Braks's ghost is moderately damaged.
Braks's ghost breathes negative energy at you.
The bolt of negative energy hits you!
You feel drained.
* * * LOW HITPOINT WARNING * * *
You slice braks's ghost!!
Braks's ghost is heavily damaged.
Braks's ghost hits you but does no damage.
Braks's ghost breathes negative energy at you.
The bolt of negative energy hits you!
You feel drained.
You die...

#........# #####....#.#
###........# #.####.# ..........#
#.# .# #........# #.# .#
#........# #.### ##### #........#
####.... #...#
###.......#####...########...####
#.'.......'.....W........'.......
#.#.......#####.@.########...####
#.#...)...##...........# #[..####
#.#..)∩).###.##...####.# #.......
W.#...)..# # #...# ########
####.....# #...# # ####### #.
#...# ############.##...#
.....#........##### ####
...#.#........# ....# #


You could see braks's ghost.

Vanquished Creatures
  Pikel (D:6)
  Prince Ribbit (D:6)
  An ice beast (D:7)
  2 sky beasts (D:7)
  A black bear (D:5)
  A phantom (D:5)
  2 orc warriors
  4 slaves (D:6)
  3 centaurs
  3 scorpions
  3 killer bees (D:7)
  2 crimson imps
  A centaur zombie (D:7)
  A jelly (D:6)
  Crazy Yiuf (D:5)
  4 hounds
  An orc priest (D:4)
  2 centaur skeletons
  3 orc wizards
  2 iguanas
  3 worker ants
  A hell rat (D:6)
  7 gnolls
  A howler monkey skeleton (D:5)
  8 adders
  4 river rats (D:6)
  A shadow imp (D:5)
  An ooze (D:5)
  An adder zombie (D:6)
  3 worms
  5 giant geckos
  13 orcs
  7 giant cockroaches
  9 goblins
  4 hobgoblins
  10 jackals
  A quokka (D:3)
  2 ball pythons
  9 bats
  6 giant newts
  A jackal skeleton (D:7)
  6 kobolds
  24 rats
166 creatures vanquished.

Notes
Turn   | Place    | Note
-------+----------+-------------------------------------------
     0 | D:1      | shnurlf the Hill Orc Fighter began the quest for the Orb.
     0 | D:1      | Reached XP level 1. HP: 19/19 MP: 1/1
     1 | D:1      | Noticed an electric eel
   230 | D:1      | Reached XP level 2. HP: 19/27 MP: 2/2
  1035 | D:2      | Reached XP level 3. HP: 19/33 MP: 3/3
  1271 | D:2      | Found a burning altar of Makhleb.
  1292 | D:2      | Reached XP level 4. HP: 12/41 MP: 4/4
  1302 | D:2      | Became a worshipper of Makhleb the Destroyer
  1585 | D:2      | Found a shimmering altar of Xom.
  2208 | D:3      | Found a hazy altar of Hepliaklqana.
  2286 | D:3      | Reached XP level 5. HP: 47/47 MP: 5/5
  2377 | D:3      | Found a shadowy altar of Dithmenos.
  2383 | D:3      | Reached skill level 5 in Fighting
  2457 | D:3      | Reached * piety under Makhleb
  2839 | D:4      | Found a sparkling altar of Nemelex Xobeh.
  2924 | D:4      | Noticed an orc warrior
  2929 | D:4      | Reached skill level 5 in Axes
  2929 | D:4      | Reached XP level 6. HP: 39/56 MP: 6/6
  2941 | D:4      | Killed an orc warrior
  3628 | D:5      | Entered Level 5 of the Dungeon
  3637 | D:5      | Reached XP level 7. HP: 60/63 MP: 7/7
  3787 | D:5      | Found a runed door.
  3898 | D:5      | Noticed Crazy Yiuf
  3911 | D:5      | Killed Crazy Yiuf
  3911 | D:5      | Reached skill level 5 in Shields
  3921 | D:5      | Got a brightly glowing mace
  3922 | D:5      | Identified the +2 mace "Ukaoghui" {holy, +Blink} (You found it on level 5 of the Dungeon)
  4164 | D:5      | Found a staircase to the Ecumenical Temple.
  4183 | D:5      | Found a blossoming altar of Fedhas.
  4192 | D:5      | Reached XP level 8. HP: 67/73 MP: 8/8
  4256 | D:5      | Reached skill level 5 in Armour
  4302 | D:5      | Found a glowing silver altar of Zin.
  4422 | D:6      | Reached ** piety under Makhleb
  4426 | D:6      | Noticed Prince Ribbit
  4451 | D:6      | Killed Prince Ribbit
  4629 | D:6      | Reached skill level 1 in Invocations
  4713 | D:6      | Noticed Pikel
  4828 | D:6      | Killed Pikel
  4828 | D:6      | Reached XP level 9. HP: 82/82 MP: 9/11
  5527 | D:6      | Found a shattered altar of Ashenzari.
  5708 | D:7      | Found a flagged portal.
  5723 | D:7      | Noticed braks's ghost (novice DrAK)
  6223 | D:7      | Reached *** piety under Makhleb
  6348 | D:7      | Killed from afar by braks's ghost

Vault maps used:
D:1:      arrival_aquarium_a, minmay_misc_feat_enclosed, supply_closet_lemuel
D:2:      tgw_xom, makhleb_heckhound_becter
D:3:      nicolae_dithmenos_shadow_blocks, nicolae_overflow_crystal_walls,
          roderic_serpentine_path
D:4:      nemelex_xobeh_ov_fountains_minmay
D:5:      fedhas_altar_1, zin_treasury, portal_sewer_entry_f, first_bread,
          uniq_crazy_yiuf_cottage
D:6:      lemuel_ratsnest, nicolae_ashenzari_panopticon,
          minmay_misc_feat_columns, uniq_prince_ribbit1, uniq_pikel
D:7:      kennysheep_mini, enter_bailey_2, lightli_orcish_oven

Skill      XL: |  1  2  3  4  5  6  7  8  9 |
---------------+----------------------------+-----
Fighting       | 4 5 6 7 8 9 |  9.8
Axes           | 3 4 5 7 9 |  9.8
Shields        | 4 5 |  5.5
Armour         | 4 6 |  6.8
Invocations    | 2 4 |  4.1

Action                   |  1- 3 |  4- 6 |  7- 9 || total
-------------------------+-------+-------+-------++-------
Melee: War axe           |   108 |   182 |   439 ||   729
Invok: Minor Destruction |       |       |     5 ||     5
  Use: Potion            |     1 |       |     6 ||     7
       Scroll            |       |     8 |     5 ||    13
  Eat: Chunk             |     1 |     6 |     6 ||    13
       Royal jelly       |       |     1 |       ||     1
       Fruit             |       |       |     3 ||     3
       Beef jerky        |       |       |     1 ||     1
Armor: Scale mail        |    50 |    79 |   180 ||   309
Dodge: Dodged            |    41 |    57 |   108 ||   206
Block: Shield            |    51 |    86 |   184 ||   321
